Description

dadad

Replay - Ultralove (9)

Build Order

Get SALT Encoding   

  12  0:01  SCV  
  13  0:13  SCV  
  14  0:17  Supply Depot  
  14  0:25  SCV  
  15  0:38  SCV  
  15  0:40  Barracks  
  16  0:43  Refinery  
  16  0:51  SCV  
  17  1:03  SCV  
  18  1:15  SCV  
  19  1:27  Orbital Command, Marine  
  20  1:38  Command Center  
  20  1:45  Barracks Reactor  
  20  1:49  Supply Depot  
  20  1:53  SCV  
  21  2:03  Factory  
  21  2:05  SCV  
  22  2:10  Refinery  
  22  2:18  SCV  
  22  2:21  Marine x2  
  26  2:39  Marine x2  
  29  2:47  Starport, Factory Tech Lab  
  29  2:51  Orbital Command  
  29  2:58  Marine x2  
  32  3:06  Cyclone  
  36  3:14  Supply Depot  
  36  3:16  Marine x2  
  38  3:23  Medivac  
  42  3:34  Marine  
  42  3:41  Siege Tank  
  47  3:43  Supply Depot  
  53  4:03  Supply Depot  
  53  4:04  Viking  
  59  4:18  Siege Tank  
  62  4:30  Barracks  
  65  4:37  Viking  
Spawning Tool Build Advisor. Get it on Overwolf

Go to:

Details

  • Created by: ZartGames
  • Published on: Jan 27, 2025
  • Modified on: Jan 27, 2025
  • Patch: 5.0.11
  • Difficulty: Hard
Show
View Real Time Build Order
Export as new Build Order

Comments (0)

There are no comments. Be the first!

Create an account to comment!